 Dungeon Crawl Stone Soup version 0.31.0 (webtiles) character file.

Game seed: 3087181979145470447

11 HakonGodeson the Trooper (level 2, -3/24 HPs)
             Began as a Human Fighter on Jan 20, 2024.
             Slain by a quokka (4 damage)
             ... on level 1 of the Dungeon.
             The game lasted 00:01:36 (426 turns).

HakonGodeson the Trooper (Human Fighter)             Turns: 426, Time: 00:01:37

Health: -3/24      AC:  6    Str: 16    XL:     2   Next: 25%
Magic:  2/2        EV:  8    Int:  8    God:
Gold:   42         SH:  5    Dex: 12    Spells: 1/1 levels left

rFire   . . .        a - +0 long sword
rCold   . . .        c - +1 buckler
rNeg    . . .        b - +0 scale mail
rPois   .            (no helmet)
rElec   .            (no cloak)
rCorr   .            (no gloves)
SInv    .            (no boots)
Will    .....        (no amulet) Stlth
                     (no ring)
HPRegen 0.24/turn    (no ring)
MPRegen 0.08/turn

%: no passive effects
@: no status effects
A: explore regen
a: no special abilities


You were on level 1 of the Dungeon.
You visited 1 branch of the dungeon, and saw 2 of its levels.

You collected 42 gold pieces.

Inventory:

Hand Weapons
 a - a +0 long sword (weapon)
Armour
 b - a +0 scale mail (worn)
 c - a +1 buckler (worn)
Potions
 d - a potion of might
 e - 2 potions of berserk rage {unknown}
 f - 2 potions of resistance


   Skills:
 * Level 3.2 Fighting
 * Level 2.0 Long Blades
 * Level 3.1 Armour
 * Level 0.1 Dodging
 * Level 0.1 Stealth
 * Level 3.1 Shields


You had one spell level left.
You didn't know any spells.
Your spell library contained the following spells:

 Spells                   Type           Power      Damage    Failure   Level
 Shock                    Conj/Air       0%         1d3       90%         1
 Swiftness                Air            0%         N/A       99%         3
 Airstrike                Air            0%         2d(0-16)  100%        4


Dungeon Overview and Level Annotations

Branches:
Dungeon (2/15)

Altars:


Innate Abilities, Weirdness & Mutations

You regain HP and MP as you explore.


Message History

You block the quokka's attack.
You climb upwards.
The rat barely misses you. The rat bites you.
There is a stone staircase leading down here.
The bat hits you but does no damage. x2; The rat barely misses you.
You slash the rat!
You kill the rat!
The bat hits you but does no damage. You block the bat's attack.
The endoplasm freezes you.
You are frozen.
The quokka barely misses you.
You barely miss the quokka. The bat barely misses you. x2
The endoplasm freezes you.
You are frozen.
The bat barely misses you. The quokka barely misses you.
The endoplasm hits you.
You hit the quokka.
The quokka is moderately wounded.
The bat hits you. The quokka barely misses you. The endoplasm freezes you.
You are frozen.
The quokka bites you.
You closely miss the quokka.
The quokka is moderately wounded.
The quokka bites you.
* * * LOW HITPOINT WARNING * * *
The endoplasm hits you but does no damage.
You closely miss the quokka.
The quokka is moderately wounded.
The quokka bites you.
* * * LOW HITPOINT WARNING * * *
The endoplasm freezes you.
You are frozen.
* * * LOW HITPOINT WARNING * * *
You block the quokka's attack. The endoplasm barely misses you.
You hit the quokka.
The quokka is almost dead.
The quokka bites you.
* * * LOW HITPOINT WARNING * * *
The endoplasm freezes you.
You are frozen.
* * * LOW HITPOINT WARNING * * *
The quokka bites you.
You die...

#.# #.. #.# ..#####..
#.# ......... #.#
..######. ###.###.# #.
#.......# #. ####
#.#..##### #.
.$...###†#############.
#..#@r...............
##.J>#.##############
##.#.## ##.## ##


You could see an endoplasm and a quokka.

Vanquished Creatures
  2 goblins (D:1)
  2 hobgoblins (D:1)
  A quokka (D:1)
  A bat (D:1)
  A frilled lizard (D:1)
  4 rats (D:1)
11 creatures vanquished.

Notes
Turn   | Place    | Note
-------+----------+-------------------------------------------
     0 | D:1      | HakonGodeson the Human Fighter began the quest for the Orb.
     0 | D:1      | Reached XP level 1. HP: 18/18 MP: 1/1
    88 | D:1      | Found a faded altar of an unknown god.
   206 | D:1      | Reached XP level 2. HP: 10/24 MP: 2/2
   426 | D:1      | HP: 1/24 [frozen (4)]
   426 | D:1      | Slain by a quokka

Illustrated notes

Levels and vault maps discovered:
D:1:      nagdon_arrival_double_spiral, layout_loops_ring,
          hellmonk_ecumenical_altar_pennies_from_heaven,
          minmay_worlds_worst_comb
D:2:      layout_rooms, serial_bayou, serial_bayou_pond_e, serial_bayou_pond_d,
          serial_bayou_pond_b, serial_bayou_pond_d, nicolae_grassy_gnolls

Action                     || total
---------------------------++-------
  Melee: Long sword        ||    41
    Use: Scroll            ||     3
 Armour: Scale mail        ||    47
  Dodge: Dodged            ||    28
  Block: Buckler           ||    25
